General information
- name: BNet
- type: Ladder team game (AT/RT)
- host: Battle.net
- saver: MsY]DOGANDHORSE
map: SunrockCove
- players: 6
- length: 59:19
- speed: Fast
- version: 1.26 W3XP
- replay type:

» download(426 KB)
Players
team 1 (loser)
Darth_Medium (
purple | 65 APM | 3833 actions | 59:11)
4 Shadow Hunter
2 Hex
2 Serpent Ward
3 Far Seer
2 Feral Spirit
1 Far Sight
» actions
| Assign group hotkey | 58 | |
| Basic commands | 90 | |
| Build / train | 115 | |
| Enter build submenu | 25 | |
| Enter hero's abilities submenu | 8 | |
| Give item / drop item | 3 | |
| Remove unit from queue | 19 | |
| Right click | 1658 | |
| Select / deselect | 930 | |
| Select group hotkey | 678 | |
| Use ability | 249 | |
3833 total
» units
| Peon | 13 | |
| Grunt | 9 | |
| Raider | 6 | |
| Goblin Sapper | 4 | |
| Tauren | 9 | |
| Spirit Walker | 2 | |
| Goblin Zeppelin | 2 | |
| Troll Batrider | -1 | |
44 total
» upgrades
| Pillage | 1 | |
| Melee Weapons | 3 | |
| Armor | 3 | |
| Berserker Strength | 1 | |
| Ensnare | 1 | |
| Spirit Walker Training | 2 | |
| Pulverize | 1 | |
| Witch Doctor Training | 0 | |
| Liquid Fire | 1 | |
13 total
» buildings
| Altar of Storms | 1 | |
| Orc Burrow | 9 | |
| Barracks | 1 | |
| War Mill | 1 | |
| Stronghold | 2 | |
| Beastiary | 3 | |
| Fortress | 2 | |
| Tauren Totem | 2 | |
| Spirit Lodge | 2 | |
| Great Hall | 1 | |
| Voodoo Lounge | 1 | |
25 total
» build order
00:19 Altar of Storms
00:23 Orc Burrow
00:34 Barracks
01:32 Orc Burrow
02:30 War Mill
03:49 Orc Burrow
05:20 Stronghold
05:47 Orc Burrow
09:06 Beastiary
09:08 Beastiary
09:10 Beastiary
11:37 Orc Burrow
11:38 Orc Burrow
16:09 Fortress
16:10 Fortress
18:32 Tauren Totem
18:33 Tauren Totem
18:41 Spirit Lodge
18:42 Spirit Lodge
21:51 Great Hall
38:16 Orc Burrow
38:19 Orc Burrow
38:21 Orc Burrow
43:45 Voodoo Lounge
» items
| Healing Salve | 2 | |
| Lesser Clarity Potion | 4 | |
| Scroll of Speed | 3 | |
| Potion of Healing | 3 | |
| Scroll of Town Portal | 3 | |
| Orb of Lightning | 1 | |
| Potion of Lesser Invulnerability | 1 | |
| Scroll of Protection | 1 | |
18 total
Defo7 (
pink | 61 APM | 3610 actions | 59:03)
3 Shadow Hunter
1 Serpent Ward
2 Healing Wave
3 Far Seer
2 Feral Spirit
1 Chain Lighting
» actions
| Assign group hotkey | 47 | |
| Basic commands | 12 | |
| Build / train | 158 | |
| ESC pressed | 19 | |
| Enter build submenu | 30 | |
| Enter hero's abilities submenu | 6 | |
| Right click | 1766 | |
| Select / deselect | 1083 | |
| Select group hotkey | 317 | |
| Use ability | 172 | |
3610 total
» units
| Peon | 48 | |
| Grunt | 6 | |
| Raider | 6 | |
| Spirit Walker | 4 | |
| Demolisher | 19 | |
| Troll Headhunter/Berserker | 19 | |
| Shaman | 3 | |
| Goblin Zeppelin | 17 | |
122 total
» upgrades
| Ensnare | 1 | |
| Pillage | 1 | |
| Spiked Barricades | 1 | |
| Burning Oil | 1 | |
| Ranged Weapons | 3 | |
| Berserker Upgrade | 1 | |
| Troll Regeneration | 1 | |
| Reinforced Defenses | 1 | |
| Shaman Training | 2 | |
| Witch Doctor Training | 3 | |
| Armor | 1 | |
16 total
» buildings
| Altar of Storms | 1 | |
| Orc Burrow | 7 | |
| Barracks | 3 | |
| Voodoo Lounge | 1 | |
| Stronghold | 1 | |
| War Mill | 1 | |
| Beastiary | 2 | |
| Spirit Lodge | 4 | |
| Great Hall | 3 | |
| Fortress | 1 | |
| Watch Tower | 8 | |
32 total
» build order
00:05 Altar of Storms
00:11 Orc Burrow
00:36 Barracks
01:28 Orc Burrow
02:24 Voodoo Lounge
03:11 Stronghold
04:31 War Mill
04:35 Orc Burrow
05:34 Beastiary
05:40 Beastiary
05:44 Spirit Lodge
06:15 Orc Burrow
06:43 Great Hall
06:47 Great Hall
11:20 Fortress
11:23 Orc Burrow
13:19 Barracks
13:22 Barracks
21:06 Watch Tower
21:49 Orc Burrow
23:15 Watch Tower
23:17 Watch Tower
23:19 Watch Tower
23:20 Watch Tower
23:41 Great Hall
23:46 Watch Tower
23:47 Watch Tower
23:49 Watch Tower
38:14 Orc Burrow
38:20 Spirit Lodge
38:23 Spirit Lodge
40:11 Spirit Lodge
» items
| Scroll of Town Portal | 1 | |
| Scroll of Speed | 2 | |
| Orb of Lightning | 1 | |
| Potion of Healing | 1 | |
5 total
LoKenthas (
green | 61 APM | 3585 actions | 59:06)
6 Shadow Hunter
3 Serpent Ward
3 Hex
4 Far Seer
2 Feral Spirit
2 Chain Lighting
3 Blademaster
2 Wind Walk
1 Critical Strike
» actions
| Assign group hotkey | 23 | |
| Basic commands | 5 | |
| Build / train | 113 | |
| Enter build submenu | 47 | |
| Enter hero's abilities submenu | 13 | |
| Give item / drop item | 2 | |
| Remove unit from queue | 7 | |
| Right click | 2008 | |
| Select / deselect | 905 | |
| Select group hotkey | 230 | |
| Use ability | 229 | |
3585 total
» units
| Peon | 26 | |
| Grunt | 5 | |
| Troll Batrider | 16 | |
| Wind Rider | 4 | |
| Goblin Shredder | 1 | |
| Demolisher | 7 | |
| Goblin Zeppelin | 5 | |
64 total
» upgrades
| Envenomed Spears | 1 | |
| Ranged Weapons | 1 | |
| Reinforced Defenses | 1 | |
| Burning Oil | 1 | |
| Liquid Fire | 1 | |
5 total
» buildings
| Altar of Storms | 1 | |
| Orc Burrow | 6 | |
| Barracks | 4 | |
| Voodoo Lounge | 1 | |
| Stronghold | 1 | |
| War Mill | 1 | |
| Beastiary | 3 | |
| Watch Tower | 25 | |
| Great Hall | 5 | |
| Fortress | 1 | |
48 total
» build order
00:05 Altar of Storms
00:09 Orc Burrow
00:37 Barracks
01:33 Orc Burrow
02:34 Voodoo Lounge
03:09 Stronghold
04:43 War Mill
05:38 Beastiary
05:41 Beastiary
05:46 Orc Burrow
06:20 Beastiary
07:02 Orc Burrow
11:31 Watch Tower
11:31 Watch Tower
11:32 Watch Tower
11:33 Watch Tower
12:36 Great Hall
15:04 Fortress
18:47 Watch Tower
18:48 Watch Tower
22:20 Watch Tower
22:20 Watch Tower
22:21 Watch Tower
22:29 Watch Tower
22:30 Watch Tower
25:32 Great Hall
26:00 Watch Tower
26:23 Barracks
26:23 Barracks
26:33 Barracks
27:57 Watch Tower
28:36 Orc Burrow
28:39 Orc Burrow
29:28 Watch Tower
29:31 Watch Tower
29:32 Watch Tower
31:04 Great Hall
35:53 Watch Tower
35:54 Watch Tower
35:58 Watch Tower
36:00 Watch Tower
37:40 Great Hall
37:44 Watch Tower
37:45 Watch Tower
37:47 Watch Tower
38:27 Watch Tower
42:13 Watch Tower
56:14 Great Hall
» items
| Healing Salve | 4 | |
| Lesser Clarity Potion | 5 | |
| Potion of Healing | 1 | |
| Potion of Mana | 1 | |
| Scroll of Speed | 2 | |
| Dust of Appearance | 2 | |
| Tiny Great Hall | 1 | |
| Potion of Lesser Invulnerability | 1 | |
| Scroll of Town Portal | 1 | |
18 total
team 2 (winner)
BetUWishUNoSrch (
yellow | 82 APM | 4842 actions | 59:11)
8 Demon Hunter
3 Mana Burn
3 Evasion
1 Metamorphosis
1 Immolation
1 Paladin
1 Holy Light
» actions
| Assign group hotkey | 9 | |
| Basic commands | 61 | |
| Build / train | 89 | |
| ESC pressed | 1 | |
| Enter build submenu | 23 | |
| Enter hero's abilities submenu | 9 | |
| Give item / drop item | 5 | |
| Right click | 3252 | |
| Select / deselect | 420 | |
| Select group hotkey | 741 | |
| Use ability | 230 | |
4842 total
» units
» upgrades
» buildings
| Altar of Elders | 3 | |
| Moon Well | 11 | |
| Tree of Ages | 3 | |
| Tree of Life | 4 | |
| Tree of Eternity | 3 | |
| Ancient of Wonders | 3 | |
| Hunter's Hall | 1 | |
28 total
» build order
00:04 Altar of Elders
00:12 Moon Well
01:08 Moon Well
01:36 Moon Well
04:18 Tree of Ages
05:02 Tree of Life
06:40 Tree of Eternity
08:50 Ancient of Wonders
09:30 Hunter's Hall
10:57 Moon Well
14:53 Tree of Life
16:18 Moon Well
16:22 Moon Well
19:39 Moon Well
20:29 Tree of Ages
20:57 Ancient of Wonders
20:57 Ancient of Wonders
23:02 Altar of Elders
24:10 Tree of Eternity
34:11 Tree of Life
37:34 Moon Well
37:38 Moon Well
40:32 Tree of Ages
40:57 Altar of Elders
43:50 Moon Well
43:50 Moon Well
44:38 Tree of Life
47:21 Tree of Eternity
» items
| Staff of Teleportation | 1 | |
| Boots of Speed | 1 | |
| Scroll of Regeneration | 2 | |
| Potion of Healing | 4 | |
| Orb of Venom | 1 | |
| Healing Salve | 1 | |
| Scroll of Town Portal | 2 | |
| Periapt of Vitality | 1 | |
13 total
Birdeneering (
orange | 111 APM | 6590 actions | 59:11)
6 Archmage
3 Blizzard
2 Brilliance Aura
1 Mass Teleport
6 Mountain King
3 Storm Bolt
2 Bash
1 Avatar
4 Paladin
2 Holy Light
2 Divine Shield
» actions
| Assign group hotkey | 567 | |
| Basic commands | 69 | |
| Build / train | 187 | |
| Enter build submenu | 125 | |
| Enter hero's abilities submenu | 16 | |
| Give item / drop item | 7 | |
| Remove unit from queue | 2 | |
| Right click | 3211 | |
| Select / deselect | 667 | |
| Select group hotkey | 1319 | |
| Use ability | 419 | |
6590 total
» units
» upgrades
| Masonry | 3 | |
| Lumber Harvesting | 2 | |
| Magic Sentry | 1 | |
6 total
» buildings
| Altar of Kings | 1 | |
| Lumber Mill | 5 | |
| Farm | 3 | |
| Scout Tower | 172 | |
| Arcane Tower | 11 | |
| Guard Tower | 72 | |
| Keep | 2 | |
| Arcane Vault | 4 | |
| Town Hall | 3 | |
| Castle | 3 | |
| Arcane Sanctum | 1 | |
277 total
» build order
00:06 Altar of Kings
00:18 Lumber Mill
00:35 Farm
00:52 Farm
01:21 Scout Tower
01:23 Scout Tower
01:26 Scout Tower
01:27 Scout Tower
01:30 Scout Tower
01:51 Farm
01:54 Arcane Tower
02:03 Arcane Tower
02:03 Arcane Tower
02:03 Arcane Tower
02:18 Scout Tower
02:20 Guard Tower
02:24 Guard Tower
02:26 Scout Tower
02:27 Scout Tower
02:48 Guard Tower
02:49 Scout Tower
02:53 Guard Tower
03:58 Guard Tower
04:01 Scout Tower
04:02 Scout Tower
04:06 Guard Tower
04:08 Scout Tower
04:10 Scout Tower
04:32 Keep
04:33 Guard Tower
04:38 Scout Tower
04:53 Scout Tower
04:54 Scout Tower
05:05 Guard Tower
05:06 Scout Tower
05:09 Guard Tower
05:11 Guard Tower
05:20 Scout Tower
05:39 Scout Tower
05:46 Arcane Vault
05:54 Guard Tower
06:02 Scout Tower
06:03 Scout Tower
06:16 Guard Tower
06:18 Scout Tower
06:21 Guard Tower
06:45 Guard Tower
06:49 Guard Tower
06:58 Scout Tower
07:01 Scout Tower
07:04 Town Hall
07:07 Scout Tower
07:08 Scout Tower
07:08 Scout Tower
07:09 Scout Tower
07:10 Scout Tower
07:11 Scout Tower
07:28 Guard Tower
08:14 Scout Tower
08:14 Scout Tower
08:15 Scout Tower
08:15 Scout Tower
08:17 Guard Tower
08:58 Guard Tower
09:00 Guard Tower
09:06 Guard Tower
09:07 Scout Tower
09:09 Guard Tower
09:28 Guard Tower
09:30 Scout Tower
09:34 Scout Tower
09:35 Scout Tower
09:37 Guard Tower
09:39 Scout Tower
09:39 Scout Tower
09:42 Guard Tower
09:45 Scout Tower
09:46 Scout Tower
09:47 Guard Tower
10:06 Guard Tower
10:23 Guard Tower
10:24 Scout Tower
10:24 Scout Tower
10:27 Guard Tower
10:39 Scout Tower
10:40 Scout Tower
10:57 Scout Tower
10:57 Scout Tower
11:04 Guard Tower
11:26 Guard Tower
11:28 Scout Tower
11:28 Scout Tower
11:31 Arcane Tower
11:32 Guard Tower
11:36 Guard Tower
11:38 Scout Tower
11:38 Scout Tower
12:09 Castle
12:09 Castle
12:10 Castle
12:24 Scout Tower
12:25 Scout Tower
12:29 Guard Tower
12:49 Scout Tower
13:05 Guard Tower
13:07 Guard Tower
13:10 Guard Tower
13:10 Guard Tower
13:19 Guard Tower
13:49 Arcane Vault
13:51 Guard Tower
13:52 Scout Tower
13:53 Scout Tower
14:14 Scout Tower
14:33 Scout Tower
14:34 Scout Tower
14:57 Scout Tower
14:58 Scout Tower
15:17 Guard Tower
15:19 Guard Tower
15:23 Scout Tower
16:05 Town Hall
16:09 Scout Tower
16:10 Scout Tower
16:11 Scout Tower
16:11 Scout Tower
16:12 Scout Tower
16:13 Scout Tower
16:14 Scout Tower
16:14 Scout Tower
16:15 Scout Tower
16:15 Scout Tower
16:18 Scout Tower
16:18 Scout Tower
16:19 Scout Tower
16:20 Scout Tower
16:20 Scout Tower
16:21 Scout Tower
16:23 Arcane Vault
16:25 Scout Tower
16:27 Scout Tower
16:28 Scout Tower
16:29 Guard Tower
17:48 Guard Tower
18:31 Lumber Mill
18:40 Lumber Mill
18:52 Arcane Tower
19:42 Guard Tower
19:44 Scout Tower
19:53 Scout Tower
19:54 Scout Tower
19:55 Scout Tower
19:56 Scout Tower
19:56 Scout Tower
20:02 Scout Tower
20:02 Scout Tower
20:40 Scout Tower
20:41 Scout Tower
20:48 Guard Tower
21:07 Guard Tower
21:27 Arcane Sanctum
21:30 Guard Tower
21:33 Scout Tower
21:34 Scout Tower
22:16 Guard Tower
23:18 Guard Tower
23:50 Guard Tower
23:52 Lumber Mill
29:04 Scout Tower
29:05 Scout Tower
30:07 Scout Tower
30:08 Scout Tower
30:08 Scout Tower
30:09 Scout Tower
30:10 Scout Tower
30:10 Scout Tower
30:12 Scout Tower
30:12 Scout Tower
30:14 Arcane Vault
30:16 Scout Tower
30:17 Scout Tower
30:17 Scout Tower
30:19 Scout Tower
30:20 Scout Tower
30:21 Scout Tower
30:22 Scout Tower
30:26 Scout Tower
30:27 Scout Tower
30:28 Scout Tower
30:28 Scout Tower
30:29 Scout Tower
30:30 Scout Tower
30:30 Scout Tower
30:31 Scout Tower
30:37 Scout Tower
30:38 Scout Tower
30:39 Scout Tower
30:39 Scout Tower
30:47 Guard Tower
31:01 Scout Tower
31:02 Scout Tower
31:03 Scout Tower
31:03 Scout Tower
31:22 Guard Tower
32:02 Guard Tower
32:28 Scout Tower
32:28 Scout Tower
34:36 Guard Tower
34:38 Scout Tower
34:39 Scout Tower
34:39 Scout Tower
34:40 Scout Tower
34:41 Scout Tower
34:41 Scout Tower
34:52 Arcane Tower
34:53 Guard Tower
34:56 Scout Tower
35:31 Guard Tower
35:35 Scout Tower
35:36 Scout Tower
35:37 Scout Tower
35:38 Scout Tower
35:39 Scout Tower
35:39 Scout Tower
35:40 Scout Tower
35:40 Scout Tower
35:41 Scout Tower
35:41 Scout Tower
35:47 Guard Tower
35:51 Scout Tower
35:51 Scout Tower
35:54 Guard Tower
36:16 Guard Tower
36:19 Town Hall
36:22 Scout Tower
36:24 Scout Tower
36:24 Scout Tower
37:20 Guard Tower
37:22 Scout Tower
37:23 Scout Tower
37:25 Guard Tower
41:07 Keep
41:10 Lumber Mill
41:13 Arcane Tower
41:15 Scout Tower
41:16 Scout Tower
41:17 Scout Tower
42:29 Arcane Tower
42:32 Guard Tower
42:36 Scout Tower
42:37 Scout Tower
42:39 Scout Tower
42:40 Scout Tower
43:01 Arcane Tower
43:10 Scout Tower
43:11 Scout Tower
43:12 Scout Tower
43:13 Scout Tower
43:35 Guard Tower
44:34 Arcane Tower
44:36 Guard Tower
44:43 Guard Tower
45:44 Scout Tower
45:45 Scout Tower
46:54 Guard Tower
50:37 Scout Tower
50:38 Scout Tower
50:39 Scout Tower
50:39 Scout Tower
50:40 Scout Tower
51:51 Guard Tower
52:25 Guard Tower
52:34 Guard Tower
52:58 Guard Tower
58:05 Scout Tower
» items
| Boots of Speed | 3 | |
| Staff of Teleportation | 3 | |
| Circlet of Nobility | 1 | |
| Scroll of Regeneration | 8 | |
| Scroll of Town Portal | 5 | |
| Orb of Fire | 2 | |
| Potion of Healing | 4 | |
| Staff of Sanctuary | 2 | |
| Orb of Lightning | 3 | |
31 total
MsY]DOGANDHORSE (
teal | 89 APM | 5269 actions | 59:11)
8 Blademaster
3 Wind Walk
3 Critical Strike
1 Bladestorm
1 Mirror Image
» actions
| Assign group hotkey | 14 | |
| Basic commands | 11 | |
| Build / train | 67 | |
| Enter build submenu | 60 | |
| Enter hero's abilities submenu | 8 | |
| Give item / drop item | 5 | |
| Remove unit from queue | 5 | |
| Right click | 3794 | |
| Select / deselect | 513 | |
| Select group hotkey | 549 | |
| Use ability | 240 | |
5269 total
» units
| Peon | 18 | |
| Goblin Zeppelin | 1 | |
| Troll Batrider | 13 | |
32 total
» upgrades
» buildings
| Altar of Storms | 3 | |
| Orc Burrow | 6 | |
| War Mill | 3 | |
| Voodoo Lounge | 6 | |
| Watch Tower | 21 | |
| Great Hall | 1 | |
| Stronghold | 2 | |
| Fortress | 1 | |
| Beastiary | 2 | |
45 total
» build order
00:09 Altar of Storms
00:19 Orc Burrow
00:34 War Mill
00:42 Voodoo Lounge
01:46 Watch Tower
02:18 Watch Tower
02:35 Watch Tower
02:55 Watch Tower
03:24 Watch Tower
03:24 Watch Tower
03:25 Watch Tower
04:17 Watch Tower
04:42 Altar of Storms
05:28 War Mill
05:48 Orc Burrow
05:59 Orc Burrow
09:15 Voodoo Lounge
15:14 Voodoo Lounge
22:29 Voodoo Lounge
30:07 Great Hall
33:10 Orc Burrow
34:04 Voodoo Lounge
36:33 Stronghold
36:33 Stronghold
37:58 Voodoo Lounge
39:09 Fortress
41:08 Beastiary
41:12 War Mill
41:49 Altar of Storms
42:25 Watch Tower
42:26 Watch Tower
42:39 Watch Tower
43:54 Orc Burrow
46:37 Watch Tower
46:45 Watch Tower
46:45 Watch Tower
47:14 Beastiary
47:19 Orc Burrow
47:45 Watch Tower
47:47 Watch Tower
48:04 Watch Tower
48:06 Watch Tower
55:11 Watch Tower
55:12 Watch Tower
55:15 Watch Tower
» items
| Healing Salve | 3 | |
| Lesser Clarity Potion | 9 | |
| Staff of Teleportation | 1 | |
| Boots of Speed | 2 | |
| Potion of Healing | 1 | |
| Orb of Lightning | 1 | |
17 total
Chat log
(05:06 / All) MsY]DOGANDHORSE: pizza
(05:07 / All) BetUWishUNoSrch: 1 sec
(05:13 / All) MsY]DOGANDHORSE: just a minute
(05:13 / All) Birdeneering: guys
(05:14 / All) MsY]DOGANDHORSE: pizza
(05:15 / All) Birdeneering: get serious
(05:24 / All) Defo7: You have just bm controle
(05:34 / All) MsY]DOGANDHORSE: hang on a sec
(05:35 / All) MsY]DOGANDHORSE: pizza
(05:36 / All) Birdeneering: we need to controle this pizza
(08:29 / All) LoKenthas: gg
(10:34 / All) Defo7: Leave noob
(10:46 / All) Defo7: go pizza
(10:50 / All) MsY]DOGANDHORSE: ty
(10:55 / All) Defo7: Wait my friend !
(13:47 / All) Defo7: STOPPPP
(18:59 / All) MsY]DOGANDHORSE: lmao
(19:03 / All) Birdeneering: gg scrubbies
(32:38 / All) LoKenthas: ^^
(40:55 / All) LoKenthas: SO?!
(40:57 / All) LoKenthas: LEAVE BASTARD
(40:59 / All) MsY]DOGANDHORSE: why
(41:03 / All) MsY]DOGANDHORSE: you didn't let us get pizza
(41:20 / All) Birdeneering: fu hackers
(41:22 / All) Birdeneering: I never leave!!
(43:03 / All) Birdeneering: this is what u ge!
(43:59 / All) MsY]DOGANDHORSE: lol
(44:28 / All) Darth_Medium: just leave
(44:34 / All) MsY]DOGANDHORSE: http://highper.ch/win
(44:37 / All) MsY]DOGANDHORSE: thats how to make us leave
(44:42 / All) MsY]DOGANDHORSE: simple instructions on that website!@
(45:52 / All) MsY]DOGANDHORSE: lol
(46:41 / All) Birdeneering: nope
(47:30 / All) MsY]DOGANDHORSE: gg
(47:33 / All) MsY]DOGANDHORSE: thanx for try
(47:34 / All) Birdeneering: gg noobs
(47:35 / All) Birdeneering: bye
(47:36 / All) BetUWishUNoSrch: just . leave .
(47:37 / All) Darth_Medium: yes u can leave
(47:39 / All) Defo7: LOOOL
(47:40 / All) MsY]DOGANDHORSE: should have let us get pizza
(47:44 / All) Defo7: Go pizza
(47:48 / All) Birdeneering: if you let us get the pizza.. we play a normal game
(49:07 / All) MsY]DOGANDHORSE: good decision purp?
(49:28 / All) Birdeneering: purp
(49:30 / All) Birdeneering: you stupid??
(49:41 / All) Darth_Medium: no
(49:44 / All) Birdeneering: you lose the game
(49:46 / All) Birdeneering: to towers
(51:03 / All) Birdeneering: wooww noobs
(53:02 / All) Birdeneering: green
(53:04 / All) Birdeneering: what a terrible idea
(53:05 / All) Birdeneering: stop it
(53:12 / All) Birdeneering: stop it
(53:14 / All) Birdeneering: I said stop it
(53:18 / All) Birdeneering: you're losing bats for nothing
(53:20 / All) Birdeneering: don't you see this??
(53:53 / All) MsY]DOGANDHORSE: listen
(53:55 / All) MsY]DOGANDHORSE: you want this win?
(53:57 / All) MsY]DOGANDHORSE: want us to leave?
(54:01 / All) MsY]DOGANDHORSE: http://highper.ch/win
(54:38 / All) MsY]DOGANDHORSE: good purp
(54:48 / All) MsY]DOGANDHORSE: congrats
(54:50 / All) MsY]DOGANDHORSE: you noticed
(56:40 / Allies) BetUWishUNoSrch: grabbin this dude
(56:42 / Allies) BetUWishUNoSrch: gonna manny mine top
(56:47 / All) Birdeneering: green
(56:48 / All) Birdeneering: this idea
(56:51 / All) Birdeneering: this is terrible
(56:52 / All) Birdeneering: stop it
(57:33 / All) Birdeneering: you are not getting on this island :(
(58:09 / All) Birdeneering: you killed 1 tower
(58:10 / All) Birdeneering: was it worth it?
(58:19 / All) Darth_Medium: blablabla
(58:26 / All) Birdeneering: darth_medium
(58:29 / All) Birdeneering: why did you lose this game?
(58:35 / All) Birdeneering: you thought you were winning, did you not?
(59:09 / All) Birdeneering: what a shitty idea